 Dungeon Crawl Stone Soup version 0.17.1-3-g152610e (webtiles) character file.

519 juanjsm the Sneak (level 7, -7/33 HPs)
             Began as a Spriggan Enchanter on Apr 7, 2016.
             Killed by divine providence
             ... invoked by an orc priest
              (15 damage)
             ... on level 4 of the Dungeon.
             The game lasted 00:24:32 (4164 turns).

juanjsm the Sneak (Spriggan Enchanter)              Turns: 4164, Time: 00:24:32

Health: -7/33      AC:  4    Str:  4    XL:     7   Next: 1%
Magic:  2/14       EV: 19    Int: 18    God:
Gold:   250        SH:  6    Dex: 17    Spells: 4 memorised, 6 levels left

rFire  . . .     SeeInvis +     a - +1 dagger
rCold  . . .     Clarity  .     b - +1 robe
rNeg   . . .     SustAt   .     k - +0 buckler
rPois  .         Gourm    .     (helmet restricted)
rElec  .         Spirit   .     n - +0 cloak
rCorr  .         Warding  .     (gloves unavailable)
rMut   +         Stasis   .     (boots unavailable)
MR     +....                    w - amulet of resist mutation
Stlth  ++++......               s - ring of flight
                                (no ring)

@: very slightly contaminated, very quick, somewhat resistant to hostile
enchantments, stealthy
A: unfitting armour, see invisible, herbivore 3, speed 3, slow metabolism 2
a: Evoke Flight


You were on level 4 of the Dungeon.
You were not hungry.

You visited 1 branch of the dungeon, and saw 5 of its levels.

You collected 250 gold pieces.

Inventory:

Hand Weapons
 a - a +1 dagger (weapon)
 q - a +2 dagger of venom
Armour
 b - a +1 robe (worn)
 k - a +0 buckler (worn)
 n - a +0 cloak (worn)
Jewellery
 i - an uncursed amulet of regeneration
 s - a ring of flight (right hand)
 u - an uncursed ring of see invisible {unknown}
 w - an amulet of resist mutation (around neck)
Wands
 o - a wand of digging (8)
Scrolls
 e - a scroll of enchant weapon {unknown}
 g - 3 scrolls of remove curse
 h - 2 scrolls of recharging {unknown}
 l - 2 scrolls of fear {unknown}
 p - a scroll of random uselessness {unknown}
 r - 3 scrolls of identify
 t - a scroll of immolation {unknown}
 v - a scroll of enchant armour {unknown}
Potions
 d - a potion of magic
 f - a potion of flight
 j - 3 potions of agility
 m - 2 potions of curing {unknown}
Books
 c - a book of Maledictions

   Spells                             Type                      Level
   a - Corona                         Hexes                        1
   b - Ensorcelled Hibernation        Hexes/Ice                    2
   c - Confuse                        Hexes                        3
   d - Tukima's Dance                 Hexes                        3
   e - Dazzling Spray                 Conjuration/Hexes            3
Comestibles
 x - a bread ration


   Skills:
 * Level 1.1 Fighting
 * Level 2.3 Short Blades
 * Level 4.3 Dodging
 * Level 7.3 Stealth
 * Level 1.3 Shields
 * Level 4.6 Spellcasting
 * Level 5.1 Hexes
 * Level 1.0 Ice Magic


You had 6 spell levels left.
You knew the following spells:

 Your Spells              Type           Power        Failure   Level  Hunger
a - Corona                Hex            ###....      2%          1    None
b - Ensorcelled Hibernat  Hex/Ice        ###...       12%         2    #......
c - Confuse               Hex            ###.....     10%         3    ###....
d - Dazzling Spray        Conj/Hex       ##......     24%         3    ###....


Dungeon Overview and Level Annotations

Branches:
Dungeon (5/15)
 Temple: D:4-7

Altars:
Dithmenos
Elyvilon
Gozag
Makhleb
Qazlal

Annotations:
D:2 Natasha


Innate Abilities, Weirdness & Mutations

You are tiny and cannot use many weapons and most armour.
You have supernaturally acute eyesight.
You are a herbivore.
You cover ground extremely quickly.
You need consume almost no food.


Message History

* * * LOW HITPOINT WARNING * * *
Casting: Ensorcelled Hibernation
Confirm with . or Enter, or press ? or * to list all spells.
Aiming: Dazzling Spray
Press: ? - help, Shift-Dir - straight line, f/p - orc priest
Aim: an orc priest, wearing a leather armour (moderately wounded)
You miscast Dazzling Spray.
Strange energies run through your body. You block the orc priest's attack.
The orc completely misses you.
The orc throws a poisoned tomahawk.
You block the poisoned tomahawk.
The orc wizard mumbles some strange words.
The orc wizard blinks!
Casting: Dazzling Spray
Confirm with . or Enter, or press ? or * to list all spells.
Aiming: Ensorcelled Hibernation
Press: ? - help, Shift-Dir - straight line, f/p - orc priest
Aim: an orc priest, wearing a leather armour (moderately wounded, chance to defeat MR: 46%)
The orc priest is unaffected.
The orc priest invokes the aid of Beogh against you.
Something smites you!
You die...

#.## #<..##........#
#..#######...##........#
#............##........#
#...#######...###......########
###.#.## #≈≈...≈≈#......'......o
....#..# ##o..♣..≈#......########
######.###..........###### #
.....(..o...♣._o♣...# #
######.###.....o@..## #
#.####≈..♣..≈## # #(...#≈≈...≈≈#
# #######o..###...######## #
#......)...o...........##########
#>..............................#
#.........###'#..........##..#.##
#.........###.####'#.....##..#.##
#..........##g#....#..o..##..#.##


You could see an orc priest, an orc wizard and 2 orcs.

Vanquished Creatures
  The ghost of nublet the Sneak, an amateur KoEn of Ashenzari (D:4)
  A scorpion (D:4)
  An orc priest (D:4)
  2 orc wizards
  Jessica (D:2)
  A worker ant (D:3)
  4 gnolls (D:3)
  5 adders
  An adder skeleton (D:4)
  2 oozes
  4 worms
  A giant gecko (D:1)
  7 orcs
  A ball python (D:3)
  5 bats
  3 giant cockroaches
  4 goblins
  9 hobgoblins
  6 kobolds
  2 quokkas
  A giant gecko skeleton (D:4)
  5 giant newts
  10 jackals
  A jackal skeleton (D:4)
  10 rats
88 creatures vanquished.

Vanquished Creatures (others)
  A quokka (D:4)
1 creature vanquished.

Grand Total: 89 creatures vanquished

Notes
Turn   | Place    | Note
--------------------------------------------------------------
     0 | D:1      | juanjsm the Spriggan Enchanter began the quest for the Orb.
     0 | D:1      | Reached XP level 1. HP: 9/9 MP: 5/5
   108 | D:1      | Reached XP level 2. HP: 13/13 MP: 6/6
   112 | D:1      | Learned a level 2 spell: Ensorcelled Hibernation
   152 | D:1      | Reached skill level 5 in Stealth
   672 | D:2      | Noticed Jessica
   692 | D:2      | Killed Jessica
   692 | D:2      | Reached XP level 3. HP: 12/16 MP: 0/8
   697 | D:2      | Learned a level 3 spell: Confuse
  1074 | D:2      | Reached XP level 4. HP: 15/21 MP: 0/10
  1079 | D:2      | Learned a level 3 spell: Dazzling Spray
  1206 | D:2      | Noticed Natasha
  1382 | D:2      | Found an opulent altar of Gozag.
  1651 | D:3      | Reached skill level 6 in Stealth
  1670 | D:3      | Found a shadowy altar of Dithmenos.
  2009 | D:3      | Reached XP level 5. HP: 5/24 MP: 1/12
  2500 | D:3      | Reached skill level 1 in Shields
  3077 | D:4      | Found a white marble altar of Elyvilon.
  3123 | D:4      | Found a stormy altar of Qazlal.
  3212 | D:4      | Noticed nublet's ghost (amateur KoEn)
  3268 | D:4      | Killed nublet's ghost
  3268 | D:4      | Reached skill level 5 in Hexes
  3268 | D:4      | Reached skill level 1 in Ice Magic
  3268 | D:4      | Reached XP level 6. HP: 19/29 MP: 2/13
  3424 | D:4      | Reached skill level 1 in Fighting
  3424 | D:4      | Reached skill level 7 in Stealth
  3580 | D:4      | Found a burning altar of Makhleb.
  3785 | D:4      | Reached XP level 7. HP: 26/33 MP: 14/14
  3990 | D:5      | Entered Level 5 of the Dungeon
  4164 | D:4      | Killed from afar by an orc priest

Action                   |  1- 3 |  4- 6 |  7- 9 || total
-------------------------+-------+-------+-------++-------
Melee: Dagger            |    72 |   170 |     2 ||   244
 Cast: Corona            |    10 |     3 |       ||    13
       Ensorcelled Hiber |    18 |    47 |     6 ||    71
       Confuse           |       |    15 |     1 ||    16
       Dazzling Spray    |       |     4 |     2 ||     6
  Use: Potion            |       |     2 |       ||     2
       Scroll            |       |     6 |       ||     6
 Stab: Sleeping          |    17 |    35 |       ||    52
       Invisible         |       |     5 |     1 ||     6
       Confused          |       |     6 |       ||     6
       Distracted        |       |     2 |       ||     2
  Eat: Bread ration      |       |     1 |       ||     1
